 Dungeon Crawl Stone Soup version 0.30.1-9-gdf580d7c3d (webtiles) character file.

Game seed: 11465431044352419754

385 KittyFluff the Cudgeller (level 6, 0/39 HPs)
             Began as a Gargoyle Berserker on Oct 19, 2023.
             Was a Priest of Trog.
             Killed by divine providence
             ... invoked by an orc priest
              (13 damage)
             ... on level 4 of the Dungeon.
             The game lasted 00:11:27 (3085 turns).

KittyFluff the Cudgeller (Gargoyle Berserker)       Turns: 3085, Time: 00:11:28

Health: 0/39       AC: 11    Str: 22    XL:     6   Next: 77%
Magic:  6/6        EV: 12    Int:  8    God:    Trog [***...]
Gold:   167        SH:  0    Dex:  9    Spells: 5/5 levels left

rFire   . . .        a - +0 mace
rCold   . . .        (no shield)
rNeg    + . .        t - +2 robe {Will+}
rPois   ∞            y - +1 helmet
rElec   +            (no cloak)
rCorr   .            (no gloves)
SInv    .            (no boots)
Will    +....        (no amulet)
Stlth   +            (no ring)
HPRegen 0.26/turn    (no ring)
MPRegen 0.10/turn

%: no passive effects
@: no status effects
A: sickness immunity, AC +4, negative energy resistance 1, electricity
resistance, torment resistance 1, petrification resistance
a: Renounce Religion, Berserk, Trog's Hand


You were on level 4 of the Dungeon.
You worshipped Trog.
Trog was most pleased with you.
You visited 1 branch of the dungeon, and saw 4 of its levels.

You collected 167 gold pieces.

Inventory:

Hand Weapons
 a - a +0 mace (weapon)
 w - a +0 morningstar
Missiles
 k - 6 silver boomerangs
 p - 6 javelins
 r - 8 boomerangs (quivered)
Armour
 q - a +0 leather armour
 t - a +2 robe of willpower (worn)
 y - a +1 helmet (worn)
Scrolls
 b - a scroll of immolation {unknown}
 c - 3 scrolls of teleportation {unknown}
 e - 4 scrolls of identify {unknown}
 f - a scroll of amnesia {unknown}
 j - a scroll of silence {unknown}
 l - a scroll of poison {unknown}
 s - a scroll of noise {unknown}
 v - a scroll of torment {unknown}
 z - a scroll of vulnerability {unknown}
Potions
 d - a potion of might {unknown}
 g - 2 potions of invisibility
 h - a potion of lignification {unknown}
 i - a potion of heal wounds {unknown}
 m - 2 potions of flight {unknown}
 n - a potion of curing {unknown}
 o - a potion of resistance {unknown}
 u - a potion of magic {unknown}
 x - 2 potions of cancellation {unknown}
 A - a potion of haste {unknown}


   Skills:
 + Level 4.3 Fighting
 * Level 4.7(4.9) Maces & Flails
 + Level 1.8(3.5) Staves
 * Level 4.5 Armour
 + Level 2.4 Dodging


You had 5 spell levels left.
You didn't know any spells.
Your spell library was empty.

Dungeon Overview and Level Annotations

Branches:
Dungeon (4/15)
 Temple: D:4-7

Altars:
Okawaru

Shops:
D:1 (   D:2 (


Innate Abilities, Weirdness & Mutations

You are immune to sickness and miasma.
Your stone body is resilient. (AC +4)
You are immune to poison.
You resist negative energy. (rN+)
You are resistant to electric shocks. (rElec)
You are resistant to unholy torment.
You are immune to petrification.


Message History

You hit the orc.
You kill the orc!
Trog accepts your kill.
The orc priest hits you but does no damage.
The orc priest casts a cantrip, but nothing happens.
Things that are here:
a +0 club; an orc corpse You barely miss the orc priest.
The orc priest is lightly wounded.
The orc priest hits you with a +0 short sword.
You barely miss the orc priest.
The orc priest is lightly wounded.
The orc priest calls down the wrath of Beogh upon you.
Beogh smites you!
You completely miss the orc priest.
The orc priest is lightly wounded.
The orc priest miscasts a cantrip.
The orc priest hits you with a +0 short sword.
* * * LOW HITPOINT WARNING * * *
You hit the orc priest but do no damage.
The orc priest is lightly wounded.
The orc priest mumbles some strange prayers to Beogh against you.
You resist with some effort.
You closely miss the orc priest.
The orc priest is lightly wounded.
The orc priest hits you but does no damage.
You barely miss the orc priest.
The orc priest is lightly wounded.
The orc priest misses you.
You hit the orc priest.
The orc priest is moderately wounded.
The orc priest hits you but does no damage.
You hit the orc priest but do no damage.
The orc priest is moderately wounded.
The orc priest completely misses you.
You hit the orc priest but do no damage.
The orc priest is moderately wounded.
The orc priest mumbles some strange prayers to Beogh against you.
Beogh smites you!
You die...

#.# #.# #.# # #.# ####.#
.....# ### ###..# ##.##
# #..# ######.#)########
###..###.......o@.<....#
......<........##.#.##.#
###......###.###.##
..................
###..#.######..###
................#
#...#........#..#
##.###......###.# #.
#........# .#


You could see an orc priest.

Vanquished Creatures
  A jelly (D:4)
  An orc priest (D:3)
  A hound (D:4)
  An iguana (D:4)
  Jessica (D:2)
  Terence (D:2)
  2 orc wizards
  6 adders
  2 worms (D:2)
  2 dart slugs
  16 orcs
  2 bats
  8 endoplasms
  6 giant cockroaches
  4 goblins
  6 hobgoblins
  4 jackals (D:3)
  4 quokkas
  8 ball pythons
  3 frilled lizards
  7 kobolds
  7 rats
93 creatures vanquished.

Notes
Turn   | Place    | Note
-------+----------+-------------------------------------------
     0 | D:1      | KittyFluff the Gargoyle Berserker began the quest for the
                  | Orb.
     0 | D:1      | Reached XP level 1. HP: 14/14 MP: 1/1
   257 | D:1      | Reached XP level 2. HP: 19/19 MP: 2/2
   288 | D:1      | Found Ocletzus's Antique Weapon Boutique.
   600 | D:1      | Reached XP level 3. HP: 23/23 MP: 3/3
   672 | D:2      | Found Pyet's Weapon Emporium.
   956 | D:2      | Noticed Jessica
   970 | D:2      | Killed Jessica
   971 | D:2      | Reached XP level 4. HP: 23/28 MP: 4/4
  1042 | D:2      | Reached ** piety under Trog
  1346 | D:2      | Noticed Terence
  1364 | D:2      | Killed Terence
  1365 | D:2      | Reached skill level 1 in Staves
  1653 | D:3      | Reached XP level 5. HP: 13/33 MP: 5/5
  2464 | D:4      | Reached XP level 6. HP: 32/38 MP: 6/6
  2634 | D:4      | Reached *** piety under Trog
  2916 | D:4      | Found an iron altar of Okawaru.
  3085 | D:4      | Killed from afar by an orc priest

Illustrated notes

Levels and vault maps discovered:
D:1:      ncdulo_wetmaze, layout_loops_ring, serial_shops,
          nicolae_shop_behind_doors
D:2:      minmay_evil_eye, layout_loops_ring, serial_shops, shop, uniq_jessica,
          uniq_terence
D:3:      layout_loops_ring
D:4:      layout_loops_ring, okawaru_gym_becter, nicolae_half_adder,
          uniq_crazy_yiuf_cottage

Skill      XL: |  1  2  3  4  5 |
---------------+----------------+-----
Armour         | 3 4 |  4.5
Dodging        | 2 |  2.4
Staves         | 1 |  1.8
Maces & Flails | 4 |  4.7
Fighting       | 4 |  4.3

Action                     |  1- 3 |  4- 6 || total
---------------------------+-------+-------++-------
  Melee: Mace              |    99 |   253 ||   352
         Punch             |     1 |     3 ||     4
 Invoke: Berserk           |     1 |     2 ||     3
   Stab: Sleeping          |     1 |     1 ||     2
 Armour: Animal skin       |    27 |    23 ||    50
         Robe              |       |    44 ||    44
         Leather armour    |       |    21 ||    21
  Dodge: Dodged            |    68 |   162 ||   230
